 Dungeon Crawl Stone Soup version 0.24-a0-536-gdd4cf15 (webtiles) character file.

Game seed: 2184465490711153187

18 silentkaos13 the Cutter (level 2, -2/18 HPs)
             Began as a Kobold Gladiator on Aug 12, 2019.
             Slain by an adder (4 damage)
             ... on level 2 of the Dungeon.
             The game lasted 00:01:38 (812 turns).

silentkaos13 the Cutter (Kobold Gladiator)           Turns: 812, Time: 00:01:38

Health: -2/18      AC:  4    Str: 11    XL:     2   Next: 90%
Magic:  2/2        EV: 16    Int:  9    God:
Gold:   25         SH:  0    Dex: 16    Spells: 1/1 levels left

rFire    . . .     SeeInvis .   a - +0 rapier
rCold    . . .     Gourm    .   (shield restricted)
rNeg     . . .     Faith    .   b - +0 leather armour
rPois    .         Spirit   .   c - +0 helmet
rElec    .         Reflect  .   (no cloak)
rCorr    .         Harm     .   (no gloves)
MR       .....                  (no boots)
Stlth    ++........             (no amulet)
HPRegen  0.06/turn              (no ring)
MPRegen  0.08/turn              (no ring)

@: lethally poisoned (-2 -> -12)
A: small, carnivore
a: no special abilities


You were on level 2 of the Dungeon.
You were full.

You visited 1 branch of the dungeon, and saw 2 of its levels.

You collected 25 gold pieces.

Inventory:

Hand Weapons
 a - a +0 rapier (weapon)
Missiles
 d - 5 throwing nets (quivered)
Armour
 b - a +0 leather armour (worn)
 c - a +0 helmet (worn)
Scrolls
 g - a scroll of teleportation {unknown}
 h - a scroll of identify {unknown}
 i - 2 scrolls of immolation {unknown}
Potions
 e - a potion of heal wounds {unknown}
 j - a potion of resistance {unknown}
Comestibles
 f - 2 rations


   Skills:
 + Level 2.3 Fighting
 + Level 4.4 Short Blades
 - Level 2.2 Throwing
 + Level 4.0 Dodging
 * Level 1.2 Stealth


You had one spell level left.
You didn't know any spells.
Your spell library was empty.

Dungeon Overview and Level Annotations

Branches:
Dungeon (2/15)

Altars:


Innate Abilities, Weirdness & Mutations

You are small and have problems with some larger weapons.
You are carnivorous and can eat meat at any time.


Message History

You closely miss the adder.
You feel sick. The adder bites you but does no damage.
You completely miss the adder. The adder completely misses you.
The adder bites you.
You miss the adder. The adder bites you but does no damage.
You closely miss the adder. The adder misses you.
You closely miss the adder.
You feel sick. The adder barely misses you.
You hit the adder.
The adder is lightly wounded.
The adder bites you.
* * * LOW HITPOINT WARNING * * *
The adder bites you.
* * * LOW HITPOINT WARNING * * *
You are more poisoned.
The adder poisons you!
You closely miss the adder.
The adder is lightly wounded.
* * * LOW HITPOINT WARNING * * *
You feel sick. The adder bites you.
You die...

#.#...#######
#.##.#......#
...######.####.####.#
.(.......)# #.#
##.#####..# #.####.#.
#<.# #........ #..#
#!####.## #..# #.# #
#..# #@# .# ...# #S#
.. #.#####g##.#
#.....ls...#
.....##..#.# #.##
#..# .. ..... >..
....### .. .#.... .


You could see an iguana, an adder, a giant cockroach and a hobgoblin.

Vanquished Creatures
  5 bats
  2 giant cockroaches (D:1)
  2 goblins (D:1)
  2 hobgoblins
  2 jackals (D:1)
  2 frilled lizards
  2 kobolds (D:1)
  A rat (D:1)
18 creatures vanquished.

Notes
Turn   | Place    | Note
-------+----------+-------------------------------------------
     0 | D:1      | silentkaos13 the Kobold Gladiator began the quest for the
                  | Orb.
     0 | D:1      | Reached XP level 1. HP: 12/12 MP: 1/1
   222 | D:1      | Reached XP level 2. HP: 18/18 MP: 2/2
   368 | D:1      | Reached skill level 1 in Stealth
   812 | D:2      | Slain by an adder

Levels and vault maps discovered:
D:1:      dpeg_chamrin_arrival_tetris, layout_basic
D:2:      layout_loops_ring, lemuel_coloured_pillars_altar,
          eat_drink_and_be_merry_uskayaw, nicolae_overflow_crystal_walls,
          first_ration

Skill      XL: |  1  2 |
---------------+-------+-----
Stealth        | 1 |  1.2
Dodging        | 4 |  4.0
Fighting       | |  2.3
Short Blades   | |  4.4
Throwing       | |  2.2

Action                   || total
-------------------------++-------
Melee: Rapier            ||    61
  Eat: Chunk             ||     4
Armor: Leather armour    ||    23
Dodge: Dodged            ||    73

Table legend:
 A = Non-vault XP
 B = Vault XP
 C = Vault XP percentage of total XP
 D = Non-vault monster count
 E = Vault monster count
 F = Vault count percentage of total count
                 A         B        C        D         E       F
            +---------+---------+-------+---------+---------+-------
      Total |      27 |       0 |   0.0 |      18 |       0 |   0.0
            +---------+---------+-------+---------+---------+-------
        D:1 |      23 |       0 |   0.0 |      15 |       0 |   0.0
        D:2 |       4 |       0 |   0.0 |       3 |       0 |   0.0
            +---------+---------+-------+---------+---------+-------
